| TOP OF THE 1ST |
|
Minot Jets batting - Pitching for Caldwell Claws : RHP Gregory Crabb
|
|
Pitching: RHP Gregory Crabb
|
|
|
Batting: RHB Tony Beal
|
0-0: Called Strike 0-1: Called Strike 0-2: Ball 1-2: SINGLE (Groundball, 6D, EV 99.4 MPH)
|
|
Batting: RHB William Phillips
|
0-0: Fly out, F9 (Flyball, 9D, EV 90.6 MPH)
|
|
Batting: LHB Douglas Reibel
|
0-0: Ball 1-0: Ball 2-0: Called Strike 2-1: Called Strike 2-2: Ball Tony Beal steals 2nd base 3-2: Strikes out looking
|
|
Batting: RHB Troy Afenir
|
0-0: Foul Ball, location: 2F 0-1: Fly out, F9 (Flyball, 9D, EV 105.0 MPH)
|
| Top of the 1st over - 0 runs, 1 hit, 0 errors, 1 left on base; Minot 0 - Caldwell 0 |
| BOTTOM OF THE 1ST |
|
Caldwell Claws batting - Pitching for Minot Jets : RHP Ozzie Canseco
|
|
Pitching: RHP Ozzie Canseco
|
|
|
Batting: RHB Kim Christensen
|
0-0: Ball 1-0: Ball 2-0: Ball 3-0: Base on Balls
|
|
Batting: RHB David Morales
|
0-0: Ball 1-0: Foul Ball, location: 2F 1-1: Ball 2-1: Called Strike 2-2: Foul Ball, location: 2F 2-2: Grounds into double play, 5-4-3 (Groundball, 5, EV 105.6 MPH)
|
|
Batting: LHB Dave Smith
|
0-0: Called Strike 0-1: Foul Ball, location: 2F 0-2: Ball 1-2: Fly out, F9 (Flyball, 9, EV 98.1 MPH)
|
| Bottom of the 1st over - 0 runs, 0 hits, 0 errors, 0 left on base; Minot 0 - Caldwell 0 |
| TOP OF THE 2ND |
|
Minot Jets batting - Pitching for Caldwell Claws : RHP Gregory Crabb
|
|
Batting: RHB George Vogel
|
0-0: Foul Ball, location: 2F 0-1: Fly out, F9 (Flyball, 89S, EV 83.1 MPH)
|
|
Batting: SHB Howard Elwess
|
0-0: Called Strike 0-1: Ball 1-1: Fly out, F8 (Flyball, 8RD, EV 103.8 MPH)
|
|
Batting: RHB David Griego
|
0-0: Fly out, F5 (Popup, 25, EV 87.5 MPH)
|
| Top of the 2nd over - 0 runs, 0 hits, 0 errors, 0 left on base; Minot 0 - Caldwell 0 |
| BOTTOM OF THE 2ND |
|
Caldwell Claws batting - Pitching for Minot Jets : RHP Ozzie Canseco
|
|
Batting: LHB Gregory Robles
|
0-0: Foul Ball, location: 2F 0-1: Foul Ball, location: 2F 0-2: Fly out, F6 (Popup, 6M, EV 76.3 MPH)
|
|
Batting: LHB Willie Vigil
|
0-0: Called Strike 0-1: Ground out U3 (Groundball, 3S, EV 66.9 MPH)
|
|
Batting: RHB Anthony Masone
|
0-0: Ball 1-0: Foul Ball, location: 2F 1-1: SOLO HOME RUN (Flyball, 7LD, EV 101.3 MPH), Distance : 374 ft
|
|
Batting: RHB Israel Gutierrez
|
0-0: Called Strike 0-1: Ball 1-1: Called Strike 1-2: Ball 2-2: SINGLE (Line Drive, 78S, EV 104.4 MPH)
|
|
Batting: LHB Roberto Guillen
|
0-0: Called Strike 0-1: Ball 1-1: Ball 2-1: Ground out 6-3 (Groundball, P, EV 90.6 MPH)
|
| Bottom of the 2nd over - 1 run, 2 hits, 0 errors, 1 left on base; Minot 0 - Caldwell 1 |
| TOP OF THE 3RD |
|
Minot Jets batting - Pitching for Caldwell Claws : RHP Gregory Crabb
|
|
Batting: RHB Andrew Snaith
|
0-0: Foul Ball, location: 2F 0-1: Called Strike 0-2: Ball 1-2: Foul Ball, location: 2F 1-2: Ball 2-2: Foul Ball, location: 2F 2-2: Strikes out looking
|
|
Batting: RHB Jesus Aybar
|
0-0: Ball 1-0: Ball 2-0: Called Strike 2-1: Foul Ball, location: 2F 2-2: Fly out, F8 (Flyball, 8LD, EV 90.6 MPH)
|
|
Batting: RHB Tony Beal
|
0-0: Called Strike 0-1: Swinging Strike 0-2: Foul Ball, location: 2F 0-2: Foul Ball, location: 2F 0-2: SINGLE (Line Drive, 78S, EV 94.4 MPH)
|
|
Batting: RHB William Phillips
|
0-0: Ball Tony Beal steals 2nd base 1-0: Called Strike 1-1: Foul Ball, location: 2F 1-2: Strikes out swinging
|
| Top of the 3rd over - 0 runs, 1 hit, 0 errors, 1 left on base; Minot 0 - Caldwell 1 |
| BOTTOM OF THE 3RD |
|
Caldwell Claws batting - Pitching for Minot Jets : RHP Ozzie Canseco
|
|
Batting: SHB Alfredo Alcaide
|
0-0: SINGLE (Groundball, 56S, EV 71.9 MPH) (infield hit)
|
|
Batting: RHB Kim Christensen
|
0-0: Ball 1-0: DOUBLE (Groundball, 5L, EV 96.9 MPH) Alfredo Alcaide to third
|
|
Batting: RHB David Morales
|
0-0: Ball 1-0: SINGLE (Groundball, 6MD, EV 98.8 MPH) Alfredo Alcaide scores Kim Christensen to third Runner from 3rd tries for Home, SAFE, throw by CF to home David Morales to second
|
|
Batting: LHB Dave Smith
|
0-0: Called Strike 0-1: Ball 1-1: Ground out 4-3 (Groundball, 34, EV 85.6 MPH) David Morales to third
|
|
Batting: LHB Gregory Robles
|
0-0: Ball 1-0: Ball 2-0: Called Strike 2-1: Ball 3-1: Base on Balls
|
|
Batting: LHB Willie Vigil
|
0-0: Called Strike 0-1: Foul Ball, location: 2F 0-2: Ball 1-2: Fielders Choice at 2nd, 3-6 (Groundball, 3S, EV 88.1 MPH) David Morales scores
|
|
Batting: RHB Anthony Masone
|
0-0: Called Strike Willie Vigil is caught stealing 2nd base 2-4
|
| Bottom of the 3rd over - 3 runs, 3 hits, 0 errors, 0 left on base; Minot 0 - Caldwell 4 |
| TOP OF THE 4TH |
|
Minot Jets batting - Pitching for Caldwell Claws : RHP Gregory Crabb
|
|
Batting: LHB Douglas Reibel
|
0-0: Ball 1-0: Foul Ball, location: 2F 1-1: Fly out, F8 (Flyball, 78D, EV 88.8 MPH)
|
|
Batting: RHB Troy Afenir
|
0-0: Called Strike 0-1: SINGLE (Line Drive, 9S, EV 106.9 MPH)
|
|
Batting: RHB George Vogel
|
0-0: Called Strike 0-1: Called Strike 0-2: Ball 1-2: Grounds into double play, 5-4-3 (Groundball, 5, EV 97.5 MPH)
|
| Top of the 4th over - 0 runs, 1 hit, 0 errors, 0 left on base; Minot 0 - Caldwell 4 |
| BOTTOM OF THE 4TH |
|
Caldwell Claws batting - Pitching for Minot Jets : RHP Ozzie Canseco
|
|
Batting: RHB Anthony Masone
|
0-0: Ball 1-0: Ball 2-0: Swinging Strike 2-1: Foul Ball, location: 2F 2-2: Strikes out swinging
|
|
Batting: RHB Israel Gutierrez
|
0-0: Ball 1-0: Called Strike 1-1: Ball 2-1: Ground out 6-3 (Groundball, 6, EV 86.9 MPH)
|
|
Batting: LHB Roberto Guillen
|
0-0: Called Strike 0-1: Ball 1-1: Ball 2-1: Reached via error on a dropped throw from 1B, E1 (Groundball, 3S, EV 73.1 MPH)
|
|
Batting: SHB Alfredo Alcaide
|
0-0: Ball 1-0: Ball 2-0: Called Strike 2-1: Called Strike 2-2: Strikes out swinging
|
| Bottom of the 4th over - 0 runs, 0 hits, 1 error, 1 left on base; Minot 0 - Caldwell 4 |
| TOP OF THE 5TH |
|
Minot Jets batting - Pitching for Caldwell Claws : RHP Gregory Crabb
|
|
Batting: SHB Howard Elwess
|
0-0: Fly out, F8 (Flyball, 8LD, EV 90.6 MPH)
|
|
Batting: RHB David Griego
|
0-0: Ground out 4-3 (Groundball, 4, EV 85.0 MPH)
|
|
Batting: RHB Andrew Snaith
|
0-0: Called Strike 0-1: Fly out, F7 (Flyball, 78D, EV 81.9 MPH)
|
| Top of the 5th over - 0 runs, 0 hits, 0 errors, 0 left on base; Minot 0 - Caldwell 4 |
| BOTTOM OF THE 5TH |
|
Caldwell Claws batting - Pitching for Minot Jets : RHP Ozzie Canseco
|
|
Batting: RHB Kim Christensen
|
0-0: Ball 1-0: Fly out, F3 (Flyball, 3D, EV 91.9 MPH)
|
|
Batting: RHB David Morales
|
0-0: Called Strike 0-1: Ball 1-1: Ball 2-1: Foul Ball, location: 2F 2-2: Strikes out swinging
|
|
Batting: LHB Dave Smith
|
0-0: Ground out 4-3 (Groundball, 4, EV 91.9 MPH)
|
| Bottom of the 5th over - 0 runs, 0 hits, 0 errors, 0 left on base; Minot 0 - Caldwell 4 |
| TOP OF THE 6TH |
|
Minot Jets batting - Pitching for Caldwell Claws : RHP Gregory Crabb
|
|
Batting: RHB Jesus Aybar
|
0-0: Ball 1-0: Fly out, F9 (Flyball, 9S, EV 84.4 MPH)
|
|
Batting: RHB Tony Beal
|
0-0: SINGLE (Groundball, 5D, EV 105.6 MPH)
|
|
Batting: RHB William Phillips
|
0-0: Ball 1-0: Swinging Strike 1-1: Ball 2-1: Foul Ball, location: 2F 2-2: Ball 3-2: Grounds into double play, 4-6-3 (Groundball, 4, EV 93.8 MPH)
|
| Top of the 6th over - 0 runs, 1 hit, 0 errors, 0 left on base; Minot 0 - Caldwell 4 |
| BOTTOM OF THE 6TH |
|
Caldwell Claws batting - Pitching for Minot Jets : RHP Ozzie Canseco
|
|
Batting: LHB Gregory Robles
|
0-0: Ball 1-0: Ball 2-0: Ball 3-0: Base on Balls
|
|
Batting: LHB Willie Vigil
|
0-0: Fielders Choice at 2nd, 1-6 (Groundball, 13S, EV 68.8 MPH)
|
|
Batting: RHB Anthony Masone
|
0-0: Foul Ball, location: 2F 0-1: Ball 1-1: Ball 2-1: Ball 3-1: Base on Balls Willie Vigil to second
|
|
Batting: RHB Israel Gutierrez
|
0-0: Ball 1-0: Ball 2-0: Ball 3-0: Called Strike 3-1: Base on Balls Willie Vigil to third Anthony Masone to second
|
|
Batting: LHB Roberto Guillen
|
0-0: Foul Ball, location: 2F 0-1: Ball 1-1: Fly out, F4 (Popup, 4, EV 65.0 MPH)
|
|
Batting: SHB Alfredo Alcaide
|
0-0: Ball 1-0: Called Strike 1-1: Ball 2-1: Called Strike 2-2: Foul Ball, location: 2F 2-2: Strikes out looking
|
| Bottom of the 6th over - 0 runs, 0 hits, 0 errors, 3 left on base; Minot 0 - Caldwell 4 |
| TOP OF THE 7TH |
|
Minot Jets batting - Pitching for Caldwell Claws : RHP Gregory Crabb
|
|
Batting: LHB Douglas Reibel
|
0-0: Ball 1-0: Ball 2-0: Ball 3-0: Base on Balls
|
|
Batting: RHB Troy Afenir
|
0-0: Called Strike 0-1: Foul Ball, location: 2F 0-2: Ball 1-2: Grounds into double play, 6-4-3 (Groundball, 6S, EV 89.4 MPH)
|
|
Batting: RHB George Vogel
|
0-0: Called Strike 0-1: Ball 1-1: Ball 2-1: Foul Ball, location: 2F 2-2: SINGLE (Groundball, 6MD, EV 106.3 MPH)
|
|
Batting: SHB Howard Elwess
|
0-0: Called Strike 0-1: Foul Ball, location: 2F 0-2: SINGLE (Line Drive, 8LS, EV 90.0 MPH) George Vogel to second Runner from 2nd tries for 3rd, SAFE, throw by CF made to third
|
|
Batting: RHB David Griego
|
0-0: Called Strike 0-1: Ball 1-1: Called Strike 1-2: Ball 2-2: Ball 3-2: Fly out, F8 (Flyball, 8LD, EV 105.6 MPH)
|
| Top of the 7th over - 0 runs, 2 hits, 0 errors, 2 left on base; Minot 0 - Caldwell 4 |
| BOTTOM OF THE 7TH |
|
Caldwell Claws batting - Pitching for Minot Jets : RHP Ozzie Canseco
|
|
Batting: RHB Kim Christensen
|
0-0: Called Strike 0-1: Ball 1-1: Foul Ball, location: 2F 1-2: Fly out, F8 (Flyball, 8RS, EV 86.3 MPH)
|
|
Batting: RHB David Morales
|
0-0: Ground out U3 (Groundball, 34S, EV 72.5 MPH)
|
|
Batting: LHB Dave Smith
|
0-0: Ball 1-0: Swinging Strike 1-1: Called Strike 1-2: Fly out, F7 (Flyball, 7, EV 91.9 MPH)
|
| Bottom of the 7th over - 0 runs, 0 hits, 0 errors, 0 left on base; Minot 0 - Caldwell 4 |
| TOP OF THE 8TH |
|
Minot Jets batting - Pitching for Caldwell Claws : RHP Gregory Crabb
|
|
Batting: RHB Andrew Snaith
|
0-0: DOUBLE (Line Drive, 7LM, EV 101.3 MPH)
|
|
Batting: RHB Jesus Aybar
|
0-0: SINGLE (Groundball, 6MD, EV 94.4 MPH) Andrew Snaith to third Runner from 3rd tries for Home, SAFE, throw by CF to home
|
|
Batting: RHB Tony Beal
|
0-0: Ball 1-0: Called Strike 1-1: Fielders Choice at 2nd, 6-4 (Groundball, 6M, EV 88.1 MPH)
|
|
Batting: RHB William Phillips
|
0-0: Ball 1-0: Called Strike 1-1: Ground out U3 (Groundball, 13, EV 92.5 MPH) Tony Beal to second
|
|
Batting: LHB Douglas Reibel
|
0-0: Called Strike 0-1: Ball 1-1: Foul Ball, location: 2F 1-2: DOUBLE (Line Drive, 78XD, EV 99.4 MPH) Tony Beal scores
|
|
Batting: RHB Troy Afenir
|
0-0: Called Strike 0-1: Called Strike 0-2: Ball 1-2: Ball 2-2: Ball 3-2: Fly out, F7 (Flyball, 7S, EV 87.5 MPH)
|
| Top of the 8th over - 2 runs, 3 hits, 0 errors, 1 left on base; Minot 2 - Caldwell 4 |
| BOTTOM OF THE 8TH |
|
Caldwell Claws batting - Pitching for Minot Jets : RHP Ozzie Canseco
|
|
Batting: LHB Gregory Robles
|
0-0: Ball 1-0: Ball 2-0: SINGLE (Line Drive, 4MD, EV 98.1 MPH)
|
|
Batting: LHB Willie Vigil
|
0-0: Swinging Strike 0-1: Foul Ball, location: 2F 0-2: Foul Ball, location: 2F 0-2: Strikes out looking
|
|
Batting: RHB Anthony Masone
|
0-0: Foul Ball, location: 2F 0-1: SINGLE (Flyball, 89S, EV 89.4 MPH) Gregory Robles to second
|
|
Batting: RHB Israel Gutierrez
|
0-0: Foul Ball, location: 2F 0-1: Ball 1-1: Foul Ball, location: 2F 1-2: Fielders Choice at 2nd, 5-4 (Groundball, 5S, EV 78.8 MPH) Gregory Robles to third
|
|
Batting: LHB Roberto Guillen
|
0-0: Ball 1-0: Ball 2-0: Ground out U3 (Groundball, 3S, EV 84.4 MPH)
|
| Bottom of the 8th over - 0 runs, 2 hits, 0 errors, 2 left on base; Minot 2 - Caldwell 4 |
| TOP OF THE 9TH |
|
Minot Jets batting - Pitching for Caldwell Claws : RHP Gregory Crabb
|
|
Pitching: RHP Jordan Contreras
|
|
|
Batting: RHB George Vogel
|
0-0: Fly out, F9 (Flyball, 89D, EV 92.5 MPH)
|
|
Batting: SHB Howard Elwess
|
0-0: Ball 1-0: Called Strike 1-1: Ball 2-1: Foul Ball, location: 2F 2-2: Strikes out swinging
|
|
Batting: RHB David Griego
|
0-0: Ball 1-0: SOLO HOME RUN (Flyball, 7D, EV 101.3 MPH), Distance : 365 ft
|
|
Pinch Hitting: LHB Theodore Milner
|
0-0: SINGLE (Groundball, 4D, EV 103.8 MPH)
|
|
Pinch Hitting: RHB Brad Jones
|
0-0: Foul Ball, location: 2F 0-1: Foul Ball, location: 2F 0-2: Fielders Choice at 2nd, 6-4 (Groundball, 6, EV 99.4 MPH)
|
| Top of the 9th over - 1 run, 2 hits, 0 errors, 1 left on base; Minot 3 - Caldwell 4 |
|